 Dungeon Crawl Stone Soup version 0.32-a0-886-g41c5271027 (webtiles) character file.

Game seed: 1758258171471739773

221 gruber the Cutter (level 5, -5/27 HPs)
             Began as a Vine Stalker Fighter on Apr 2, 2024.
             Slain by Sigmund
             ... wielding a +0 scythe
              (8 damage)
             ... on level 4 of the Dungeon.
             The game lasted 00:01:40 (2339 turns).

gruber the Cutter (Vine Stalker Fighter)            Turns: 2339, Time: 00:01:41

Health: -5/27      AC:  4    Str: 25    XL:     5   Next: 98%
Magic:  0/6        EV:  9    Int:  8    God:
Gold:   92         SH:  4    Dex: 15    Spells: 4/4 levels left

rFire   . . .        a - +0 rapier
rCold   . . .        c - +0 buckler
rNeg    . . .        m - +1 leather armour {rPois}
rPois   +            (no helmet)
rElec   .            (no cloak)
rCorr   .            (no gloves)
SInv    .            (no boots)
Will    .....        (no amulet)
Stlth   +            g - +6 ring of strength
HPRegen 1.04/turn    (no ring)
MPRegen 0.10/turn

%: guardian spirit
@: no status effects
A: fangs 2, regeneration 1, magic shield, antimagic bite, no potion heal 2
a: no special abilities


You were on level 4 of the Dungeon.
You visited 1 branch of the dungeon, and saw 4 of its levels.

You collected 92 gold pieces.

Inventory:

Hand Weapons
 a - a +0 rapier (weapon)
Armour
 c - a +0 buckler (worn)
 m - a +1 leather armour of poison resistance (worn)
Jewellery
 g - a +6 ring of strength (left hand)
 i - a ring of fire
 q - a ring of fire
 r - a ring of positive energy
Wands
 s - a wand of warping (8)
Scrolls
 h - a scroll of immolation {unknown}
 j - 3 scrolls of identify {unknown}
 k - a scroll of enchant armour {unknown}
 l - a scroll of teleportation {unknown}
 n - a scroll of revelation {unknown}
Potions
 b - 2 potions of curing {unknown}
 d - a potion of might
 e - 2 potions of haste {unknown}
 f - a potion of lignification {unknown}
 o - 2 potions of attraction {unknown}
 p - a potion of brilliance {unknown}


   Skills:
 - Level 2.6 Fighting
 + Level 5.4 Short Blades
 - Level 2.4 Armour
 - Level 2.6 Shields


You had 4 spell levels left.
You didn't know any spells.
Your spell library contained the following spells:

 Spells                   Type           Power      Damage    Failure   Level
 Sting                    Conj/Alch      0%         1d3       52%         1


Dungeon Overview and Level Annotations

Branches:
Dungeon (4/15)
 Temple: D:4-7

Altars:
Vehumet
Zin

Annotations:
D:4 Sigmund


Innate Abilities, Weirdness & Mutations

You have extremely sharp teeth.
Your natural rate of healing is unusually fast.
When hurt, damage is shared between your health and your magic reserves.
Your bite disrupts and absorbs the magic of your enemies.
Potions cannot restore your health.


Message History

Natasha is heavily wounded.
Natasha claws you. Something hits you.
You hit Natasha. Your bite misses Natasha.
Natasha is almost dead.
Natasha closely misses you.
You hit Natasha.
You kill Natasha!
Natasha growls in agony!
You hear some strange, mumbled words.
A puff of flame appears from out of thin air!
The puff of flame hits you.
You swing at nothing.
Something hits you.
You swing at nothing.
Something hits you!
* * * LOW HITPOINT WARNING * * *
Items here: )) [[ †.
You hit something. You bite something. You drain its magic.
You feel invigorated.
You miss something. You bite something. Something hits you.
You closely miss something. You bite something. You drain its magic.
You feel invigorated.
You closely miss something. You bite something. You drain its magic.
Something hits you!
* * * LOW HITPOINT WARNING * * *
You miss something. Your bite misses something.
Something hits you but does no damage.
You barely miss something. You miss something. You miss something.
You bite something. You drain its magic.
You feel invigorated. Something hits you.
* * * LOW HITPOINT WARNING * * *
You hit something. You bite something. You drain its magic.
You feel invigorated. Something hits you.
* * * LOW HITPOINT WARNING * * *
You closely miss something. Your bite misses something. You hit something.
Something hits you!
* * * LOW HITPOINT WARNING * * *
You barely miss something. You bite something. You drain its magic.
You feel invigorated.
You hit something but do no damage. Something hits you!
You die...

....###.####............
........................
#..†..................#
#....).##...........#
#..<.###............#..
....#..###.....)........
....#...#.......o......#
....#...##....)#{##....
....#...#....###@# .
......)......##..#
##........#.............
#.........##....)#......
#..............####.....
##............... .#...
#................ # .#
##...........##.. #
#..##........


You could see an orc.

Vanquished Creatures
  A bombardier beetle (D:3)
  A sleepcap (D:4)
  Natasha (D:4)
  An orc wizard (D:4)
  4 adders
  2 dart slugs
  4 orcs
  9 endoplasms
  3 giant cockroaches
  4 goblins
  3 hobgoblins
  8 kobolds
  4 quokkas
  5 ball pythons
  10 bats
  7 frilled lizards
  5 rats
72 creatures vanquished.

Notes
Turn   | Place    | Note
-------+----------+-------------------------------------------
     0 | D:1      | gruber the Vine Stalker Fighter began the quest for the
                  | Orb.
     0 | D:1      | Reached XP level 1. HP: 11/11 MP: 2/2
   136 | D:1      | Reached skill level 2 in Short Blades
   253 | D:1      | Reached XP level 2. HP: 16/16 MP: 3/3
   554 | D:1      | Reached skill level 3 in Short Blades
   589 | D:1      | Reached XP level 3. HP: 19/19 MP: 4/4
   801 | D:2      | Identified the +1 spear of Disaster {heavy, Int+2}
   937 | D:2      | Reached XP level 4. HP: 23/23 MP: 3/5
  1122 | D:2      | Found a faded altar of an unknown god.
  1131 | D:2      | Got Plato's Grimoire of Wounds
  1395 | D:2      | Reached skill level 4 in Short Blades
  1730 | D:3      | Found a radiant altar of Vehumet.
  1859 | D:3      | Reached XP level 5. HP: 27/27 MP: 6/6
  1999 | D:3      | Found a glowing silver altar of Zin.
  2289 | D:4      | Reached skill level 5 in Short Blades
  2305 | D:4      | Noticed Sigmund
  2309 | D:4      | Noticed Natasha
  2323 | D:4      | Killed Natasha
  2337 | D:4      | HP: 1/27 [something (6)]
  2339 | D:4      | Slain by Sigmund

Illustrated notes

Levels and vault maps discovered:
D:1:      erik_arrival_triangle_small, layout_loops_cross, nrook_mini_vaults,
          minmay_statues_item, minmay_misc_feat_x
D:2:      minmay_chambers_of_ones, layout_loops_ring,
          shapermc_ecumenical_altar_rom_forum
D:3:      layout_loops_ring, mainiacjoe_overflow_paths, zin_scriptorium
D:4:      layout_cave_pools, uniq_natasha, uniq_sigmund

Skill      XL: |  1  2  3  4  5 |
---------------+----------------+-----
Short Blades   | 2 3 4 5 |  5.4
Fighting       | |  2.6
Armour         | |  2.4
Shields        | |  2.6

Action                     |  1- 3 |  4- 6 || total
---------------------------+-------+-------++-------
  Melee: Rapier            |    83 |   115 ||   198
         Bite              |    20 |    31 ||    51
 Armour: Scale mail        |    43 |       ||    43
         Leather armour    |     6 |    73 ||    79
  Dodge: Dodged            |    45 |    32 ||    77
  Block: Buckler           |    22 |    20 ||    42

Table legend: (Time is in decaauts)
 A = Elapsed time spent in this place.
 B = Non-inter-level travel time spent in this place.
 C = Inter-level travel time spent in this place.
 D = Time resting spent in this place.
 E = Time spent auto-exploring this place.
 F = Levels seen in this place.
 G = Mean time per level.
                   A        B        C        D        E       F      G
               +--------+--------+--------+--------+--------+-----+--------+
         Total |   2345 |   2229 |    116 |      0 |   1804 |   4 |  586.2 |
       Dungeon |   2345 |   2229 |    116 |      0 |   1804 |   4 |  586.2 |
               +--------+--------+--------+--------+--------+-----+--------+

Top non-repeatable levels by time:
     D:2: 808 daAuts
     D:3: 743 daAuts
     D:1: 723 daAuts
     D:4: 70 daAuts
